 Dungeon Crawl Stone Soup version 0.27-a0-1137-g3ef0f4ec91 (webtiles) character file.

Game seed: 6953877342632121614

25965 leviel the Fighter (level 12, -16/113 HPs)
             Began as a Minotaur Fighter on May 6, 2021.
             Was a Follower of Jiyva.
             Killed from afar by a hellion (26 damage)
             ... with damnation
             ... on level 2 of the Abyss.
             The game lasted 00:29:15 (20332 turns).

leviel the Fighter (Minotaur Fighter)              Turns: 20332, Time: 00:29:15

Health: -16/113    AC: 13    Str: 21 (23) XL:     12   Next: 94%
Magic:  11/11      EV: 12    Int:  4 (5)  God:    Jiyva [*.....]
Gold:   873        SH: 14    Dex: 10 (13) Spells: 11/11 levels left

rFire    . . .     SeeInvis .   t - +4 falchion (flame)
rCold    + . .     Faith    .   c - +2 kite shield
rNeg     . . .     Spirit   .   k - +3 scale mail {rC+}
rPois    +         Reflect  .   i - +1 hat
rElec    .         Harm     .   (no cloak)
rCorr    +         Rampage  .   (no gloves)
Will     .....                  (no boots)
Stlth    ..........             (no amulet)
HPRegen  0.28/turn              f - ring of resist corrosion
MPRegen  0.12/turn              D - ring of poison resistance

@: no status effects
A: horns 2, retaliatory headbutt
a: Renounce Religion, Request Jelly


You were on level 2 of the Abyss.
You worshipped Jiyva.
Jiyva was aware of your devotion.
You visited 3 branches of the dungeon, and saw 15 of its levels.
You visited the Abyss 1 time.
You also visited: Bailey and Volcano.

You collected 873 gold pieces.

Inventory:

Hand Weapons
 t - a +4 falchion of flaming (weapon)
Armour
 c - a +2 kite shield (worn)
 i - a +1 hat (worn)
 k - a +3 scale mail of cold resistance (worn)
Jewellery
 e - a +6 ring of dexterity
 f - a ring of resist corrosion (left hand)
 g - a ring of willpower
 D - a ring of poison resistance (right hand)
Wands
 o - a wand of charming (1)
 u - a wand of flame (6)
 y - a wand of polymorph (6) (quivered)
Scrolls
 h - 6 scrolls of identify
 j - 8 scrolls of teleportation
 q - a scroll of magic mapping
 v - 3 scrolls of amnesia
 x - 2 scrolls of blinking
Potions
 m - a potion of brilliance
 B - a potion of cancellation


   Skills:
 + Level 12.9 Fighting
 - Level 5.0(8.9) Short Blades
 * Level 12.1(12.5) Long Blades
 + Level 12.0 Armour
 + Level 9.4 Dodging
 - Level 0.3 Stealth
 + Level 11.4 Shields


You had 11 spell levels left.
You didn't know any spells.
Your spell library contained the following spells:

 Spells                   Type           Power      Damage    Failure   Level
 Animate Skeleton         Necr           0%         N/A       89%         1
 Apportation              Tloc           0%         N/A       89%         1
 Corona                   Hex            0%         N/A       89%         1
 Freeze                   Ice            0%         1d3       89%         1
 Shock                    Conj/Air       0%         1d3       89%         1
 Sting                    Tmut/Pois      0%         1d3       89%         1
 Summon Small Mammal      Summ           0%         N/A       89%         1
 Call Imp                 Summ           0%         N/A       96%         2
 Ensorcelled Hibernation  Hex/Ice        0%         N/A       96%         2
 Poisonous Vapours        Pois/Air       0%         N/A       96%         2
 Static Discharge         Conj/Air       0%         N/A       96%         2
 Call Canine Familiar     Summ           0%         N/A       99%         3
 Confusing Touch          Hex            0%         N/A       99%         3
 Dazzling Flash           Conj/Hex       0%         N/A       99%         3
 Frozen Ramparts          Ice            0%         1d2       99%         3
 Ignite Poison            Fire/Tmut/Pois 0%         N/A       99%         3
 Mephitic Cloud           Conj/Pois/Air  0%         N/A       99%         3
 Ozocubu's Armour         Ice            0%         N/A       99%         3
 Summon Guardian Golem    Hex/Summ       0%         N/A       99%         3
 Swiftness                Air            0%         N/A       99%         3
 Tukima's Dance           Hex            0%         N/A       99%         3
 Airstrike                Air            0%         N/A       100%        4
 Animate Armour           Summ/Erth      0%         N/A       100%        4
 Hailstorm                Conj/Ice       0%         3d3       100%        4
 Olgreb's Toxic Radiance  Pois           0%         N/A       100%        4
 Summon Ice Beast         Ice/Summ       0%         N/A       100%        4
 Summon Lightning Spire   Summ/Air       0%         N/A       100%        4
 Borgnjor's Vile Clutch   Necr/Erth      0%         N/A       100%        5
 Lightning Bolt           Conj/Air       0%         1d11      100%        5
 Metabolic Englaciation   Hex/Ice        0%         N/A       100%        5
 Silence                  Hex/Air        0%         N/A       100%        5
 Shadow Creatures         Summ           N/A        N/A       100%        6


Dungeon Overview and Level Annotations

Branches:
Dungeon (11/15)            Temple (1/1) D:7            Lair (3/6) D:10
 Bailey (visited)         Volcano (visited)
  Swamp: Lair:2-4    Shoals: Lair:2-4     Snake: Lair:2-4    Spider: Lair:2-4
    Orc: D:9-12

Altars:
Ashenzari
Cheibriados
Dithmenos
Elyvilon
Fedhas
Gozag
Hepliaklqana
Kikubaaqudgha
Makhleb
Nemelex Xobeh
Okawaru
Qazlal
Ru
Sif Muna
Trog
Uskayaw
Vehumet
Wu Jian
Xom
Yredelemnul
Zin
The Shining One
Jiyva


Innate Abilities, Weirdness & Mutations

You have a pair of horns on your head.
You reflexively headbutt those who attack you in melee.


Message History

The hellion gestures at you.
The sphere of damnation explodes!
The damnation engulfs you!!
You hear a shout!
You block the ufetubus's attack. The ufetubus closely misses you.
You block the ufetubus's attack. The ufetubus hits you.
A freezing wraith comes into view.
The ufetubus barely misses you. You furiously retaliate!
You headbutt the ufetubus. You block the ufetubus's attack.
The ufetubus barely misses you. You furiously retaliate!
You headbutt the ufetubus!
You kill the ufetubus!
You are starting to lose your buoyancy.
You block the freezing wraith's attack. The freezing wraith hits you!
The freezing wraith drains your vigour!
You feel yourself slow down. The ufetubus closely misses you.
You riposte.
You barely miss the ufetubus. You block the ufetubus's attack.
The freezing wraith hits you but does no damage.
The freezing wraith barely misses you. You block the ufetubus's attack.
The ufetubus barely misses you.
The ynoxinul gestures.
The hellion gestures at you.
The sphere of damnation explodes!
The damnation engulfs you!!
* * * LOW HITPOINT WARNING * * *
The ynoxinul gestures.
You hear a bark!
You block the ufetubus's attack. x2; The freezing wraith misses you.
You riposte.
You closely miss the freezing wraith. The freezing wraith barely misses you.
Found a shimmering altar of Xom.
You float gracefully downwards.
Found three shimmering altars of Xom and a corrupted altar of Lugonu.
The freezing wraith closely misses you. x2
You feel yourself speed up. The freezing wraith hits you.
* * * LOW HITPOINT WARNING * * *
The freezing wraith freezes you. You resist.
* * * LOW HITPOINT WARNING * * *
You block the freezing wraith's attack. The hellion gestures at you.
The sphere of damnation explodes!
The damnation engulfs you!!
You die...

.. ._..# . _ ..#
. .. . ..# #.
_..#. #.#.
_....##..##
#....#..########
#..52W.#.....#
#...#.###@.# ...
#.#.5##..# # #.
2.5 ##.#
#.#.....# #
....#. .5##
..#.####.## ###
#.. ## ##3.# # .
##.# #5##### ..
##


You could see a freezing wraith, a hellion and an ufetubus (summoned).

Vanquished Creatures
  Gastronok (D:8)
  A hydra (Lair:1)
  4 two-headed ogres
  A worldbinder (Abyss:2)
  2 black mambas
  3 elephants (Lair:2)
  5 cane toads (Lair:1)
  5 komodo dragons
  A hellwing (Abyss:2)
  A polar bear (Lair:1)
  A slime creature (D:10)
  5 blink frogs (Lair:2)
  A meliai zombie (D:11)
  A wraith (D:10)
  A vampire (D:9)
  A wyvern (D:10)
  A yak (shapeshifter) (Abyss:2)
  29 yaks
  2 basilisks
  Grum (D:8)
  2 steam dragons
  3 wargs (D:10)
  An acid dragon (D:10)
  5 water moccasins
  A floating eye (D:10)
  2 ice beasts (D:6)
  7 orc warriors
  2 black bears
  A necrophage (D:8)
  4 ogres
  16 wolves
  7 centaurs
  A kobold brigand (D:10)
  9 bullfrogs
  6 scorpions
  A small abomination (Abyss:2)
  A water moccasin skeleton (D:7)
  3 killer bees (D:10)
  16 wights
  An electric eel (D:10)
  4 howler monkeys (D:10)
  8 centaur zombies
  2 hounds
  2 jellies
  8 orc priests
  A centaur skeleton (D:7)
  Jessica (D:3)
  3 iguanas
  13 orc wizards
  2 hell rats (Lair:1)
  A killer bee zombie (D:8)
  A hound zombie (D:5)
  2 hound skeletons (D:4)
  6 gnolls
  4 adders
  10 river rats (Lair:1)
  3 worms
  2 dart slugs (D:3)
  23 orcs
  6 endoplasms
  A giant cockroach (D:3)
  12 goblins
  12 hobgoblins
  5 quokkas
  7 ball pythons
  3 bats
  2 frilled lizards (D:2)
  7 kobolds
  4 rats
311 creatures vanquished.

Vanquished Creatures (others)
  The ghost of reriks the Frost Mage, a journeyman BaIE of Vehumet (Lair:2)
  An elephant (Lair:2)
  A jelly (Abyss:2)
  4 fungi
  11 plants
18 creatures vanquished.

Grand Total: 329 creatures vanquished

Notes
Turn   | Place    | Note
-------+----------+-------------------------------------------
     0 | D:1      | leviel the Minotaur Fighter began the quest for the Orb.
     0 | D:1      | Reached XP level 1. HP: 19/19 MP: 0/0
   521 | D:1      | Reached XP level 2. HP: 27/27 MP: 1/1
  1296 | D:2      | Reached XP level 3. HP: 29/33 MP: 2/2
  1611 | D:2      | Found a faded altar of an unknown god.
  2029 | D:2      | Reached XP level 4. HP: 40/40 MP: 3/3
  2345 | D:3      | Reached skill level 1 in Dodging
  2471 | D:3      | Noticed Jessica
  2473 | D:3      | Killed Jessica
  2486 | D:3      | Reached XP level 5. HP: 47/47 MP: 4/4
  2860 | D:4      | Reached skill level 1 in Short Blades
  2983 | D:4      | Reached skill level 5 in Armour
  3058 | D:4      | Noticed a black bear
  3065 | D:4      | Killed a black bear
  3066 | D:4      | Reached XP level 6. HP: 45/55 MP: 5/5
  3143 | D:4      | Reached skill level 5 in Fighting
  3143 | D:4      | Reached skill level 5 in Shields
  3716 | D:5      | Entered Level 5 of the Dungeon
  3788 | D:5      | Reached XP level 7. HP: 35/61 MP: 6/6
  4617 | D:5      | Found a shimmering blue altar of Sif Muna.
  4909 | D:6      | Reached XP level 8. HP: 57/70 MP: 7/7
  6120 | D:7      | Found a flagged portal.
  6131 | Bailey   | Entered a bailey
  6582 | Bailey   | Found an iron altar of Okawaru.
  6604 | Bailey   | HP: 1/73 [orc warrior/+0 war axe (6)]
  6606 | Bailey   | Reached XP level 9. HP: 1/79 MP: 8/8
  7801 | D:7      | Reached skill level 5 in Short Blades
  8400 | D:7      | Found a staircase to the Ecumenical Temple.
  8563 | Temple   | Entered the Ecumenical Temple
  9302 | D:8      | Reached skill level 5 in Long Blades
  9365 | D:8      | Noticed Grum
  9384 | D:8      | Killed Grum
  9385 | D:8      | Reached skill level 5 in Dodging
  9825 | D:8      | Noticed Gastronok
  9874 | D:8      | Killed Gastronok
  9875 | D:8      | Reached skill level 10 in Fighting
  9875 | D:8      | Reached XP level 10. HP: 60/93 MP: 9/9
 11805 | D:10     | Entered Level 10 of the Dungeon
 11817 | D:10     | Noticed a two-headed ogre
 11840 | D:10     | Killed a two-headed ogre
 11917 | D:10     | Noticed a two-headed ogre
 11944 | D:10     | Killed a two-headed ogre
 12374 | D:9      | HP: 3/95 [something (2)]
 12852 | D:10     | Reached XP level 11. HP: 102/102 MP: 10/10
 12856 | D:10     | Reached skill level 10 in Armour
 12962 | D:10     | Noticed a two-headed ogre
 12993 | D:9      | Killed a two-headed ogre
 13509 | D:10     | Paralysed by a floating eye for 3 turns
 13514 | D:10     | Paralysed by a floating eye for 3 turns
 13525 | D:10     | Paralysed by a floating eye for 4 turns
 13586 | D:10     | Noticed a two-headed ogre
 13635 | D:10     | Killed a two-headed ogre
 14272 | D:10     | Reached skill level 10 in Shields
 14635 | D:10     | Found a staircase to the Lair.
 15843 | D:11     | Reached skill level 10 in Long Blades
 15913 | Lair:1   | Entered Level 1 of the Lair of Beasts
 16024 | Lair:1   | Reached XP level 12. HP: 86/112 MP: 11/11
 16745 | Lair:1   | Noticed a five-headed hydra
 16755 | Lair:1   | Killed a two-headed hydra
 17667 | Lair:2   | Found a shadowy altar of Dithmenos.
 18274 | Lair:2   | Identified the +8 quarterstaff "Qyinyu" {freeze, rN+}
 18918 | Lair:2   | Found a runed translucent gate.
 18919 | Lair:2   | Found a runed translucent gate.
 18920 | Lair:2   | Found a runed translucent gate.
 18921 | Lair:2   | Noticed reriks's ghost (journeyman BaIE)
 19712 | Lair:2   | Found a viscous altar of Jiyva.
 19873 | Lair:2   | Became a worshipper of Jiyva Jyottoeg the Shapeless
 19899 | Lair:2   | Killed reriks's ghost
 20057 | Lair:2   | Reached * piety under Jiyva
 20173 | Lair:3   | Found a dark tunnel.
 20179 | Volcano  | Entered a volcano
 20183 | Volcano  | Cast into level 2 of the Abyss (a wizard)
 20327 | Abyss:2  | Found a shimmering altar of Xom.
 20328 | Abyss:2  | Found a shimmering altar of Xom.
 20328 | Abyss:2  | Found a shimmering altar of Xom.
 20328 | Abyss:2  | Found a corrupted altar of Lugonu.
 20328 | Abyss:2  | Found a shimmering altar of Xom.
 20332 | Abyss:2  | Killed from afar by a hellion

Illustrated notes

Levels and vault maps discovered:
D:1:      minmay_arrival_plants_in_alcoves, layout_loops_ring, serial_forest,
          infiniplex_forest_clump_cross, infiniplex_forest_clump_large,
          infiniplex_forest_straight_3, infiniplex_forest_clump_cross,
          infiniplex_forest_clump_double, infiniplex_forest_lined_3,
          infiniplex_forest_lined_2, infiniplex_forest_straight_2
D:2:      layout_loops_corners, shapermc_ecumenical_altar_starsandcircs
D:3:      layout_basic, eino_tiny_chamber, uniq_jessica
D:4:      layout_basic
D:5:      layout_loops_ring, kennysheep_mini
D:6:      layout_basic
D:7:      layout_basic, temple_hall, enter_bailey_5
D:8:      layout_loops_cross, serial_glass, glass_columns_b, glass_columns_b,
          kennysheep_generic_room_7, uniq_gastronok, uniq_grum
D:9:      layout_rooms, item_on_display_b
D:10:     layout_basic, erik_lair_orcish_takeover, serial_bayou_pond_b,
          onia_ninara_cookie
D:11:     layout_basic, orc_0_dummy, minmay_quadrilaterals, uniq_harold
Temple:   kilobyte_greek_temple
Lair:1:   layout_hall_layers, kennysheep_rathole
Lair:2:   layout_cave_pods, gammafunk_ghost_endoplasm, basic_altar,
          serial_bayou_shore_a
Lair:3:   cheibrodos_lair_river_kwai, layout_chaotic_city,
          palyth_hydra_swamp_entry, nicolae_volcano_entry_lava_flow
Abyss:2:  base: D:4, minivault_27, minivault_19, bh_abyss_xom_lugonu_altar
Volcano:  volcano_bunker

Skill      XL: |  1  2  3  4  5  6  7  8  9 10 11 12 |
---------------+-------------------------------------+-----
Shields        | 4 5 7 8 9 10 11 | 11.4
Armour         | 4 5 6 8 9 11 12 | 12.0
Fighting       | 4 5 6 7 10 11 12 | 12.9
Long Blades    | 3 4 6 7 10 12 | 12.1
Dodging        | 1 2 3 5 6 8 9 |  9.4
Short Blades   | 1 2 3 4 5 |  5.0
Stealth        | |  0.3

Action                   |  1- 3 |  4- 6 |  7- 9 | 10-12 || total
-------------------------+-------+-------+-------+-------++-------
Melee: Long sword        |    99 |     2 |       |       ||   101
       Headbutt          |    19 |    21 |    71 |   215 ||   326
       Dagger            |       |    99 |   228 |       ||   327
       Falchion          |       |       |   142 |   883 ||  1025
Invok: Request Jelly     |       |       |       |     3 ||     3
Evoke: Wand              |       |       |       |     8 ||     8
  Use: Scroll            |       |       |    17 |     6 ||    23
       Potion            |       |       |     7 |    11 ||    18
Armor: Scale mail        |    47 |    23 |   114 |   268 ||   452
       Skin              |       |       |     3 |       ||     3
Dodge: Dodged            |    22 |    25 |   137 |   316 ||   500
Block: Kite shield       |    47 |    37 |   269 |   630 ||   983
       Rpst.: Long sword |     5 |       |       |       ||     5
       Falchion          |       |       |     8 |    72 ||    80

Table legend: (Time is in decaauts)
 A = Elapsed time spent in this place.
 B = Non-inter-level travel time spent in this place.
 C = Inter-level travel time spent in this place.
 D = Time resting spent in this place.
 E = Time spent auto-exploring this place.
 F = Levels seen in this place.
 G = Mean time per level.
                   A        B        C        D        E       F      G
               +--------+--------+--------+--------+--------+-----+--------+
         Total |  20302 |  19921 |    381 |   7708 |   9067 |  18 | 1127.9 |
       Dungeon |  15155 |  14835 |    320 |   5484 |   7108 |  11 | 1377.7 |
        Temple |    177 |    162 |     15 |      0 |    162 |   1 |  177.0 |
          Lair |   3871 |   3827 |     44 |   1407 |   1747 |   3 | 1290.3 |
         Abyss |    144 |    144 |      0 |      0 |     39 |   1 |  144.0 |
        Bailey |    950 |    950 |      0 |    817 |      9 |   1 |  950.0 |
       Volcano |      3 |      3 |      0 |      0 |      1 |   1 |    3.0 |
               +--------+--------+--------+--------+--------+-----+--------+

Top non-repeatable levels by time:
    D:10: 2964 daAuts
  Lair:2: 2438 daAuts
     D:9: 2265 daAuts
     D:8: 2141 daAuts
     D:7: 1928 daAuts
  Lair:1: 1340 daAuts
     D:1: 1166 daAuts
     D:6: 1083 daAuts
     D:2: 1079 daAuts
  Bailey: 950 daAuts
     D:5: 932 daAuts
     D:4: 900 daAuts
     D:3: 627 daAuts
  Temple: 177 daAuts
 Abyss:2: 144 daAuts
